 Dungeon Crawl Stone Soup version 0.21-a0-351-g38363bb (webtiles) character file.

11 Dfrag the Firebug (level 2, 12/19 HPs)
             Began as a Demonspawn Fire Elementalist on Oct 10, 2017.
             Quit the game on level 1 of the Dungeon.
             The game lasted 00:00:46 (201 turns).

Dfrag the Firebug (Demonspawn Fire Elementalist)     Turns: 201, Time: 00:00:47

Health: 12/19      AC:  2    Str:  8    XL:     2   Next: 13%
Magic:  5/5        EV: 12    Int: 16    God:
Gold:   44         SH:  0    Dex: 13    Spells: 4/5 levels left

rFire    . . .     SeeInvis .   f - +1 short sword (venom)
rCold    . . .     Gourm    .   (no shield)
rNeg     . . .     Faith    .   a - +0 robe
rPois    .         Spirit   .   (no helmet)
rElec    .         Reflect  .   (no cloak)
rCorr    .         Harm     .   (no gloves)
MR       .....                  (no boots)
Stlth    ++........             (no amulet)
HPRegen  0.06/turn              (no ring)
MPRegen  0.09/turn              (no ring)

@: no status effects
A: rot immunity
a: no special abilities


You were on level 1 of the Dungeon.
You were not hungry.

You visited 1 branch of the dungeon, and saw 1 of its levels.

You collected 44 gold pieces.

Inventory:

Hand Weapons
 f - a +1 short sword of venom (weapon)
Armour
 a - a +0 robe (worn)
Scrolls
 d - a scroll of fog {unknown}
 h - a scroll of remove curse {unknown}
Potions
 e - a potion of heal wounds {unknown}
Books
 b - a book of Flames

   Spells                             Type                      Level
   a - Flame Tongue                   Conjuration/Fire             1
   b - Throw Flame                    Conjuration/Fire             2
   c - Conjure Flame                  Conjuration/Fire             3
   d - Inner Flame                    Hexes/Fire                   3
   e - Sticky Flame                   Conjuration/Fire             4
   f - Fireball                       Conjuration/Fire             5
Comestibles
 c - a bread ration
 g - a chunk of flesh


   Skills:
 - Level 1.7 Dodging
 - Level 1.7 Stealth
 + Level 2.2 Spellcasting
 + Level 1.4 Conjurations
 + Level 2.9 Fire Magic


You had 4 spell levels left.
You knew the following spells:

 Your Spells              Type           Power        Failure   Level  Hunger
a - Flame Tongue          Conj/Fire      #....        9%          1    #......


Dungeon Overview and Level Annotations

Branches:
Dungeon (1/15)

Altars:


Innate Abilities, Weirdness & Mutations

You are immune to rotting.


Message History

You see here a dart slug corpse.
You butcher the dart slug corpse.
g - a chunk of flesh You now have 38 gold pieces (gained 6).
Found a dagger.
You now have 44 gold pieces (gained 6).
You open the door.
There is an open door here.
You enter the shallow water.
Moving in this stuff is going to be slow.
You open the door.
There is an open door here.
A giant cockroach comes into view.
You see here a scroll labeled HUDOGA BUIWUH.
h - a scroll labeled HUDOGA BUIWUH The giant cockroach bites you.
You hit the giant cockroach.
The giant cockroach is poisoned.
The giant cockroach is moderately wounded.
You kill the giant cockroach!
Are you sure you want to abandon this character and quit the game? (Confirm with "yes".)

### #.# #.##.#
###≈≈≈≈###.# #
...#.# #)##.#
#≈##≈#.#.# #
#.#.####.##.#
#≈≈≈≈#...# #
#....)...##.#
######'#### #
###.#######.# #.##.#
# ###.# #.# #....# #
#...# #.# ####.# #
###.###
#.#############.# #
....##
#...@...........#
### ###..######
#..##############
#.. #.#..........#
#.# ###..#########.#
#.# ....## #.# #.#
#.#.## #.# #.#
.....##### #.# #.#
#.#......# #.# #.#
#.##.###.#####.#####
#.#


There were no monsters in sight!

Vanquished Creatures
  A dart slug (D:1)
  A giant cockroach (D:1)
  2 goblins (D:1)
  A hobgoblin (D:1)
  A kobold (D:1)
  2 rats (D:1)
8 creatures vanquished.

Notes
Turn   | Place    | Note
-------+----------+-------------------------------------------
     0 | D:1      | Dfrag the Demonspawn Fire Elementalist began the quest for the Orb.
     0 | D:1      | Reached XP level 1. HP: 13/13 MP: 3/3
   131 | D:1      | Gained mutation: You are immune to rotting. [demonic ancestry]
   131 | D:1      | Reached XP level 2. HP: 9/19 MP: 0/5
   201 | D:1      | Quit the game

Vault maps used:
D:1:      ncdulo_wetmaze

Action                   || total
-------------------------++-------
Melee: Unarmed           ||     4
       Short sword       ||     2
 Cast: Flame Tongue      ||    10
Dodge: Dodged            ||     1

Table legend:
 A = Spawn XP
 B = Non-spawn XP
 C = Spawn XP percentage of total XP
 D = Spawn monster count
 E = Non-spawn monster count
 F = Spawn count percentage of total count
 G = Total turns spent on level
                    A         B        C        D         E        F      G
               +---------+---------+-------+---------+---------+-------+---------
         Total |       0 |      16 |   0.0 |       0 |       8 |   0.0 |   201
               +---------+---------+-------+---------+---------+-------+---------
           D:1 |       0 |      16 |   0.0 |       0 |       8 |   0.0 |   201
               +---------+---------+-------+---------+---------+-------+---------
